 Dungeon Crawl Stone Soup version 0.17-a0-877-ga10078a (webtiles) character file.

5174 hornqvist the Cleaver (level 10, -2/70 HPs)
             Began as a Formicid Fighter on Apr 30, 2015.
             Was an Initiate of Gozag.
             Killed from afar by Fannar (4 damage)
             ... with a bolt of cold
             ... on level 1 of the Orcish Mines.
             The game lasted 00:15:15 (11155 turns).

hornqvist the Cleaver (Formicid Fighter)           Turns: 11155, Time: 00:15:16

Health: -2/70      AC: 14    Str: 23    XL:     10   Next: 90%
Magic:  19/19      EV: 14    Int: 10    God:    Gozag
Gold:   917        SH: 12    Dex: 17    Spells: 0 memorised, 9 levels left

rFire  + . .     SeeInvis +     a - +1 war axe
rCold  + + .     Clarity  .     q - +2 scale mail {MR+}
rNeg   + . .     SustAb   .     c - +0 shield
rPois  +         Gourm    .     (helmet unavailable)
rElec  +         Spirit   .     (no cloak)
rCorr  +         Warding  .     d - +1 pair of gloves {Dex+3}
rMut   .         Stasis   +     o - +1 pair of boots of Kick {rN+ Int+2 Dex+3}
MR     ++...                    (no amulet)
Stlth  ..........               u - ring of magical power
                                p - ring of poison resistance

@: resistant, very resistant to hostile enchantments, extremely unstealthy
A: permanent stasis, dig shafts and tunnels, four strong arms, antennae 3, cold
resistance 1, shaggy fur 1, subdued magic 1
a: Dig, Shaft Self, Potion Petition, Call Merchant, Bribe Branch, Renounce
Religion


You were on level 1 of the Orcish Mines.
You worshipped Gozag.
Gozag was noncommittal.
You were not hungry.

You visited 3 branches of the dungeon, and saw 11 of its levels.

You collected 1695 gold pieces.
You spent 283 gold pieces at shops.
You paid 495 gold pieces to Gozag.

Inventory:

Hand weapons
 a - a +1 war axe (weapon)
 B - a +0 morningstar
Armour
 b - a +0 scale mail
 c - a +0 shield (worn)
 d - a +1 pair of gloves of dexterity (worn)
 o - the +1 pair of boots of Kick (worn) {rN+ Int+2 Dex+3}
   (You bought it in a shop on level 8 of the Dungeon)

   It affects your intelligence (+2).
   It affects your dexterity (+3).
   It protects you from negative energy.
 q - a +2 scale mail of magic resistance (worn)
Jewellery
 h - an uncursed ring of flight
 i - an uncursed ring of invisibility
 k - an uncursed ring of fire
 p - a ring of poison resistance (left hand)
 u - a ring of magical power (right hand)
Magical devices
 j - a wand of flame (19)
 t - a wand of cold (14)
 y - a wand of random effects (17)
 z - a wand of magic darts (36)
Scrolls
 f - 2 scrolls of enchant weapon
 g - 12 scrolls of identify
 m - 6 scrolls of remove curse
 s - 3 scrolls of magic mapping
 v - a scroll of recharging
Potions
 n - a potion of poison
 r - a potion of resistance
 x - 2 potions of berserk rage
Comestibles
 e - 5 bread rations
 l - 4 meat rations
 A - 6 royal jellies


   Skills:
 - Level 3.2 Fighting
 * Level 11.2 Axes
 - Level 3.2 Armour
 + Level 6.7 Dodging
 + Level 9.8 Shields


You had 9 spell levels left.
You didn't know any spells.

Dungeon Overview and Level Annotations

Branches:
Dungeon (9/15)             Temple (1/1) D:4            Lair (0/8) D:8
    Orc (1/4) D:9

Altars:
Ashenzari
Dithmenos
Gozag
Kikubaaqudgha
Makhleb
Okawaru
Qazlal
Ru
Sif Muna
Vehumet
Xom
Yredelemnul
The Shining One

Shops:
D:8 [

Annotations:
Orc:1 Fannar


Innate Abilities, Weirdness & Mutations

You are under a permanent stasis effect.
You can dig through walls and to a lower floor.
Your four strong arms can wield two-handed weapons with a shield.
You have a pair of large antennae on your head (SInv).
Your flesh is cold resistant.
You are covered in fur (AC +1).
Your spells are a little easier to cast, but a little less powerful.


Message History

You feel protected.
The ice beast hits you but does no damage.
Fannar casts a spell.
Fannar drains the heat from the surrounding environment!
You resist.
You feel very cold.
* * * LOW HITPOINT WARNING * * *
Fannar is frozen.
Fannar resists.
The ice beast hits you but does no damage.
Things that are here:
11 gold pieces; a short sword; a whip Drink which item? (? for menu, Esc to quit)
It was a potion of mutation.
You feel extremely strange.
Your connection to magic feels subdued.
You feel resistant to cold. Fur sprouts all over your body.
The ice beast closely misses you.
Fannar points at you and mumbles some strange words.
The bolt of cold hits the ice beast.
The ice beast completely resists.
The bolt of cold hits you! You resist.
You die...
Your body crumbles into a pile of gold.

#.................#)......#
##................))......#
#.............##...#.#....
#..................##.....
#..........................
#........#.................
#.......><[...............
#....##..).####........# $
##...##.#@..###....#.....
#........YY...#.......$..
#....##.........$.$......
##....###.e.....>..$..P..
##..####...............
#####.......$.........
#........$$........
#.....#...$.......$
......##..........


You could see Fannar and 2 ice beasts.

Vanquished Creatures
  Pikel (D:4)
  An elephant (D:7)
  A wyvern (D:9)
  A yak (D:7)
  Eustachio (D:6)
  Menkaure (D:6)
  Blork the orc (D:4)
  Edmund (D:5)
  A warg (D:9)
  2 orc warriors
  2 phantoms
  A black bear (D:7)
  A slave (D:4)
  5 ogres
  An ice beast (D:5)
  2 centaurs
  A crocodile (D:8)
  2 big kobolds
  3 giant frogs (D:6)
  2 scorpions (D:5)
  2 vampire bats (D:7)
  3 crimson imps
  3 orc wizards
  2 goliath beetles (D:8)
  7 jellies
  11 orc priests
  Ijyb (D:3)
  5 giant frog skeletons
  3 hounds
  9 worker ants
  5 iguanas
  A killer bee zombie (D:8)
  A quasit (D:9)
  A sheep (D:7)
  A hound zombie (D:9)
  11 adders
  3 gnolls (D:6)
  5 shadow imps
  6 oozes
  2 worms (D:3)
  An adder skeleton (D:5)
  7 giant geckos
  39 orcs
  5 bat skeletons
  2 bat zombies (D:7)
  2 giant cockroaches
  10 hobgoblins
  12 jackals
  10 kobolds
  A ball python (D:3)
  17 bats
  A giant gecko skeleton (D:8)
  4 giant newts
  15 goblins
  A jackal skeleton (D:7)
  5 quokkas
  A quokka skeleton (D:6)
  12 rats
258 creatures vanquished.

Vanquished Creatures (others)
  A slave (D:4)
  An orc (Orc:1)
  A bat (D:4)
3 creatures vanquished.

Grand Total: 261 creatures vanquished

Notes
Turn   | Place    | Note
--------------------------------------------------------------
     0 | D:1      | hornqvist, the Formicid Fighter, began the quest for the Orb.
     0 | D:1      | Reached XP level 1. HP: 18/18 MP: 1/1
    69 | D:1      | Reached XP level 2. HP: 18/24 MP: 2/2
   181 | D:1      | Reached skill level 4 in Shields
   918 | D:1      | Reached XP level 3. HP: 27/29 MP: 3/3
  1650 | D:2      | Found a glowing golden altar of the Shining One.
  1653 | D:2      | Found a shimmering altar of Xom.
  1657 | D:2      | Found a sacrificial altar of Ru.
  1658 | D:2      | Found an iron altar of Okawaru.
  1660 | D:2      | Found a deep blue altar of Sif Muna.
  1764 | D:2      | Reached XP level 4. HP: 30/35 MP: 4/4
  2107 | D:2      | Reached skill level 1 in Dodging
  2299 | D:3      | Found a burning altar of Makhleb.
  2559 | D:3      | Reached XP level 5. HP: 29/41 MP: 5/5
  2788 | D:3      | Noticed Ijyb
  2801 | D:3      | Killed Ijyb
  3909 | D:4      | Reached skill level 5 in Shields
  3909 | D:4      | Reached XP level 6. HP: 38/47 MP: 6/6
  4069 | D:4      | Noticed a slave
  4116 | D:4      | Killed a slave
  4519 | D:4      | Noticed a slave
  4520 | D:4      | Noticed Pikel
  4520 | D:4      | Noticed a slave
  4521 | D:4      | Noticed a slave
  4531 | D:4      | Killed Pikel
  4531 | D:4      | Reached skill level 5 in Axes
  4531 | D:4      | Reached skill level 6 in Shields
  4531 | D:4      | Reached XP level 7. HP: 29/52 MP: 7/7
  4617 | D:4      | Found a sacrificial altar of Ru.
  4644 | D:4      | Noticed an ogre
  4649 | D:4      | Killed an ogre
  4649 | D:4      | Reached XP level 8. HP: 54/58 MP: 8/8
  4780 | D:4      | Found a staircase to the Ecumenical Temple.
  4806 | Temple   | Entered the Ecumenical Temple
  4815 | Temple   | Became a worshipper of Gozag Ym Sagoz the Greedy
  4980 | D:4      | Killed a freed slave
  4995 | D:4      | Noticed Blork the orc
  4999 | D:4      | Killed Blork the orc
  5439 | D:5      | Entered Level 5 of the Dungeon
  5499 | D:5      | Reached skill level 7 in Shields
  5893 | D:5      | Reached XP level 9. HP: 48/64 MP: 9/9
  6278 | D:5      | Noticed Edmund
  6290 | D:5      | Killed Edmund
  6644 | D:6      | Noticed Menkaure
  6650 | D:6      | Reached skill level 8 in Axes
  6655 | D:6      | Killed Menkaure
  6655 | D:6      | Reached skill level 5 in Dodging
  6944 | D:6      | Noticed Eustachio
  6979 | D:6      | Killed Eustachio
  7853 | D:7      | Reached skill level 9 in Axes
  7873 | D:7      | Found an ancient bone altar of Kikubaaqudgha.
  8269 | D:7      | Reached XP level 10. HP: 64/70 MP: 10/10
  8476 | D:8      | Noticed an elephant
  8476 | D:8      | Found a staircase to the Lair.
  8513 | D:7      | Killed an elephant
  8513 | D:7      | Reached skill level 10 in Axes
  9088 | D:8      | Found Xixudoapan's Antique Armour Shoppe.
  9094 | D:8      | Bought a pair of dazzling boots for 199 gold pieces
  9094 | D:8      | Bought a shiny scale mail for 84 gold pieces
  9109 | D:8      | Identified the +1 pair of boots of Kick {rN+ Int+2 Dex+3} (You bought it in a shop on level 8 of the Dungeon)
 10487 | D:9      | Found an iron altar of Okawaru.
 10576 | D:9      | Found a staircase to the Orcish Mines.
 10711 | D:9      | Reached skill level 11 in Axes
 10952 | Orc:1    | Entered Level 1 of the Orcish Mines
 11109 | Orc:1    | Noticed Fannar
 11148 | Orc:1    | HP: 1/70 [Fannar/Ozocubu's Refrigeration (6)]
 11150 | Orc:1    | Gained mutation: Your spells are a little easier to cast, but a little less powerful. [potion of mutation]
 11150 | Orc:1    | Gained mutation: Your flesh is cold resistant. [potion of mutation]
 11150 | Orc:1    | Gained mutation: You are covered in fur (AC +1). [potion of mutation]
 11155 | Orc:1    | Killed from afar by Fannar

Action                   |  1- 3 |  4- 6 |  7- 9 | 10-12 || total
-------------------------+-------+-------+-------+-------++-------
Melee: War axe           |   135 |   159 |   383 |   334 ||  1011
Invok: Call Merchant     |       |       |     1 |       ||     1
 Abil: Dig               |     1 |       |     1 |       ||     2
  Use: Potion            |       |     4 |     2 |     4 ||    10
       Scroll            |       |       |       |     8 ||     8
 Stab: Distracted        |       |       |     4 |       ||     4
  Eat: Chunk             |     3 |     8 |     2 |       ||    13
       Fruit             |       |     1 |     4 |       ||     5
       Pizza             |       |       |     2 |     2 ||     4
       Bread ration      |       |       |     1 |       ||     1
       Royal jelly       |       |       |       |     4 ||     4
